 Dungeon Crawl Stone Soup version 0.17.0-28-g6e173f8 (webtiles) character file.

8585 Glider the Martial Artist (level 11, -1/82 HPs)
             Began as an Octopode Transmuter on Nov 27, 2015.
             Was a Believer of Dithmenos.
             Slain by a sixfirhy (8 damage)
             ... summoned by a kobold demonologist
             ... on level 12 of the Dungeon on Nov 28, 2015.
             The game lasted 01:04:32 (12298 turns).

Glider the Martial Artist (Octopode Transmuter)    Turns: 12298, Time: 01:04:32

Health: -1/82      AC:  6    Str: 10    XL:     11   Next: 33%
Magic:  16/18      EV: 19    Int: 18    God:    Dithmenos [**....]
Gold:   174        SH:  0    Dex: 16    Spells: 5 memorised, 5 levels left

rFire  x . .     SeeInvis +       - Unarmed
rCold  + + +     Clarity  .     (shield currently unavailable)
rNeg   + . .     SustAt   .     (helmet currently unavailable)
rPois  +         Gourm    .     (no amulet)
rElec  .         Spirit   .     i - +5 ring of evasion
rCorr  .         Warding  .     w - ring of protection from magic
rMut   .         Stasis   .     k - ring of positive energy
MR     ++...                    m - ring of wizardry
Stlth  ++++......               g - ring of poison resistance
                                N - ring of Koec {MR+ Int+3 SInv}
                                (no ring)
                                (no ring)

@: ice-form, wreathed by umbra, very resistant to hostile enchantments, stealthy
A: almost no armour, amphibious, 8 rings, (constrict 8), (camouflage 0),
(gelatinous body 0)
a: End Transformation, Shadow Step, Renounce Religion


You were on level 12 of the Dungeon.
You worshipped Dithmenos.
Dithmenos was pleased with you.
You were not hungry.
You were a creature of crystalline ice.
You visited 2 branches of the dungeon, and saw 14 of its levels.

You collected 726 gold pieces.
You spent 552 gold pieces at shops.

Inventory:

Hand Weapons
 e - a +1 dagger of freezing
 K - the +3 hunting sling of Integrity {freeze, +Fly, unknown}
   (You found it on level 10 of the Dungeon)

   It causes projectiles fired from it to freeze those they strike, causing
   extra injury to most foes and up to half again as much damage against
   particularly susceptible opponents.
   They can also slow down cold-blooded creatures.
   It lets you fly.
Missiles
 a - 185 arrows
 d - 9 arrows of frost
 M - 9 arrows of flame
Armour
 z - a +2 hat (melded)
Jewellery
 g - a ring of poison resistance (on tentacle)
 i - a +5 ring of evasion (left front paw)
 k - a ring of positive energy (on tentacle)
 m - a ring of wizardry (on tentacle)
 w - a ring of protection from magic (right front paw)
 N - the ring of Koec (on tentacle) {MR+ Int+3 SInv}
   (You bought it in a shop on level 8 of the Dungeon)

   [ring of protection from magic]

   It affects your intelligence (+3).
   It affects your resistance to hostile enchantments.
   It lets you see invisible.
Wands
 o - a wand of frost (37)
 y - a wand of polymorph (13)
 F - a wand of draining (3)
Scrolls
 h - 5 scrolls of recharging
 j - a scroll of teleportation
 s - a scroll of enchant weapon
 t - 2 scrolls of random uselessness
 u - 2 scrolls of blinking
 x - 6 scrolls of remove curse
 L - 2 scrolls of fear
Potions
 f - 2 potions of brilliance
 l - 7 potions of curing
 r - 3 potions of resistance
 v - 5 potions of poison
 B - a potion of lignification {unknown}
 C - a potion of mutation {unknown}
 D - a potion of degeneration {unknown}
 G - a potion of haste {unknown}
 H - 2 potions of ambrosia {unknown}
 I - 2 potions of heal wounds
 O - a potion of agility {unknown}
 Q - a potion of flight {unknown}
Books
 b - a book of Changes

   Spells                             Type                      Level
   a - Beastly Appendage              Transmutation                1
   b - Sticks to Snakes               Transmutation                2
   c - Spider Form                    Transmutation/Poison         3
   d - Ice Form                       Ice/Transmutation            4
   e - Blade Hands                    Transmutation                5
Miscellaneous
 p - a plain deck of escape
Comestibles
 c - 6 bread rations
 n - 11 meat rations
 q - a slice of pizza
 A - 10 royal jellies
 E - 3 beef jerkies
 J - 2 fruits


   Skills:
 - Level 4.0 Fighting
 - Level 7.0 Dodging
 - Level 6.0 Stealth
 - Level 10.0 Unarmed Combat
 * Level 5.1 Spellcasting
 * Level 8.7 Transmutations
 + Level 4.7 Ice Magic
 - Level 3.1 Poison Magic


You had 5 spell levels left.
You knew the following spells:

 Your Spells              Type           Power        Failure   Level  Hunger
a - Beastly Appendage     Trmt           #####.       1%          1    None
b - Sticks to Snakes      Trmt           #####.....   1%          2    #......
c - Spider Form           Trmt/Pois      ####......   1%          3    ##.....
d - Ice Form              Ice/Trmt       ####....     4%          4    ####...
e - Blade Hands           Trmt           #####.....   4%          5    ######.


Dungeon Overview and Level Annotations

Branches:
Dungeon (13/15)            Temple (1/1) D:6             Orc (0/4) D:9
   Lair: D:8-11      Vaults: D:13-14

Altars:
Ashenzari
Cheibriados
Dithmenos
Elyvilon
Fedhas
Gozag
Kikubaaqudgha
Makhleb
Nemelex Xobeh
Okawaru
Qazlal
Ru
Sif Muna
Trog
Vehumet
Xom
Yredelemnul
Zin
The Shining One

Shops:
D:6 %   D:8 =   D:9 *

Portals:
Trove: D:11 (give 18 potions of curing)

Annotations:
D:10 Eptagon's ghost, novice OpMo; Maud
D:11 Vektorweg's ghost, novice DgCj; grerr's ghost, journeyman FoFi


Innate Abilities, Weirdness & Mutations

You cannot wear most types of armour.
You are amphibious.
You can wear up to eight rings at the same time.
((You can use your tentacles to constrict eight enemies at once.))
((Your skin changes colour to match your surroundings (Stealth).))
((Your rubbery body absorbs attacks (AC +1).))


Message History

You kill the wasp!
Dithmenos accepts your kill.
You barely miss the crocodile.
The neqoxec gestures.
You punch the crocodile! You freeze the crocodile.
The crocodile seems to slow down.
The crocodile is severely wounded.
The smoke demon disappears in a puff of smoke!
The crocodile completely misses you.
You punch the crocodile! You freeze the crocodile.
You kill the crocodile!
Dithmenos accepts your kill.
You punch the ufetubus! You freeze the ufetubus.
You kill the ufetubus!
The kobold demonologist casts a spell.
You closely miss the sixfirhy. The sixfirhy completely misses you.
The sixfirhy hits you!
* * * LOW HITPOINT WARNING * * *
The sixfirhy shocks you!
You die...

######### #.>.....#
#.......# #####.......#
####...........# ##
###..............#
..#########...###.##########
#.y......##)#534Y.#
#######)...)4K#####
.........(.#####
###....#...[K..#
......##....3..######
###.#..#....55......#
#..##.........######
#............##
##..####......####


You could see a kobold demonologist, a sixfirhy, a neqoxec, a red devil and a
quasit.

Vanquished Creatures
  Gastronok (D:8)
  An unseen horror (D:10)
  A manticore (D:12)
  Joseph (D:8)
  A troll (D:12)
  A wyvern (D:10)
  3 yaks (D:11)
  A hungry ghost (D:10)
  2 hippogriffs
  A soldier ant (D:9)
  2 sky beasts
  2 wargs (D:11)
  A spider (D:9)
  3 ogres
  4 orc warriors
  A necrophage (D:6)
  5 centaurs
  An eye of draining (D:10)
  3 wasps
  2 ice beasts
  2 big kobolds
  A crocodile (D:12)
  A giant frog (D:9)
  A wyvern skeleton (D:12)
  A water moccasin skeleton (D:11)
  5 scorpions
  3 crimson imps
  A centaur zombie (D:9)
  3 giant frog skeletons
  2 giant frog zombies
  2 jellies
  A centaur skeleton (D:7)
  7 orc priests
  11 orc wizards
  6 hounds
  5 iguanas
  7 worker ants
  2 hound skeletons
  3 worker ant zombies
  6 adders
  3 gnolls (D:9)
  4 shadow imps
  An adder skeleton (D:7)
  3 worms
  6 giant geckos
  36 orcs
  9 bats
  5 goblins
  7 hobgoblins
  10 jackals
  16 kobolds
  2 quokkas (D:9)
  2 ball pythons
  5 giant cockroaches
  A giant gecko zombie (D:7)
  3 giant newts
  A quokka zombie (D:6)
  4 rats
225 creatures vanquished.

Vanquished Creatures (others)
  A quokka (D:7)
  2 plants (D:12)
3 creatures vanquished.

Grand Total: 228 creatures vanquished

Notes
Turn   | Place    | Note
--------------------------------------------------------------
     0 | D:1      | Glider the Octopode Transmuter began the quest for the Orb.
     0 | D:1      | Reached XP level 1. HP: 13/13 MP: 3/3
   267 | D:1      | Reached XP level 2. HP: 18/18 MP: 5/5
   574 | D:2      | Learned a level 2 spell: Sticks to Snakes
   578 | D:2      | Reached skill level 4 in Unarmed Combat
   668 | D:2      | Reached XP level 3. HP: 17/23 MP: 4/6
  1544 | D:2      | Learned a level 3 spell: Spider Form
  1766 | D:2      | Found a sparkling altar of Nemelex Xobeh.
  1872 | D:3      | Reached XP level 4. HP: 24/28 MP: 7/7
  2019 | D:3      | Found a sacrificial altar of Ru.
  2239 | D:3      | Found a bloodstained altar of Trog.
  2296 | D:3      | Reached skill level 1 in Poison Magic
  2672 | D:4      | Found an iron altar of Okawaru.
  2696 | D:4      | Noticed an ogre
  2787 | D:4      | Found a radiant altar of Vehumet.
  2882 | D:4      | Found a sacrificial altar of Ru.
  2937 | D:4      | Reached XP level 5. HP: 24/33 MP: 8/8
  3115 | D:4      | Killed an ogre
  3115 | D:4      | Reached XP level 6. HP: 38/38 MP: 5/9
  3165 | D:4      | Reached skill level 5 in Transmutations
  3385 | D:4      | Noticed an ogre
  3530 | D:4      | Killed an ogre
  3530 | D:4      | Reached skill level 6 in Transmutations
  3530 | D:4      | Reached XP level 7. HP: 43/43 MP: 7/10
  3833 | D:5      | Entered Level 5 of the Dungeon
  3894 | D:5      | Reached skill level 7 in Transmutations
  4397 | D:5      | Reached skill level 5 in Unarmed Combat
  4397 | D:5      | Reached XP level 8. HP: 50/50 MP: 11/11
  4920 | D:6      | Found Ratex's Food Emporium.
  5418 | D:6      | Learned a level 4 spell: Ice Form
  5745 | D:6      | Found a staircase to the Ecumenical Temple.
  5754 | Temple   | Entered the Ecumenical Temple
  5798 | Temple   | Became a worshipper of Dithmenos the Shadowed
  6147 | D:7      | Reached skill level 5 in Dodging
  6455 | D:7      | Found a deep blue altar of Sif Muna.
  6477 | D:7      | Identified Sif Muna's Guide on Talismans
  6737 | D:7      | Reached XP level 9. HP: 58/58 MP: 8/12
  7218 | D:7      | Found an ancient bone altar of Kikubaaqudgha.
  7317 | D:7      | Found a white marble altar of Elyvilon.
  7679 | D:8      | Noticed Joseph
  7767 | D:8      | Found Annof's Jewellery Shoppe.
  7769 | D:8      | Noticed Gastronok
  7835 | D:9      | Found a staircase to the Orcish Mines.
  7979 | D:9      | Found Eneug's Assorted Antiques.
  8312 | D:9      | Reached * piety under Dithmenos
  8477 | D:9      | Reached skill level 8 in Unarmed Combat
  8749 | D:10     | Entered Level 10 of the Dungeon
  8759 | D:10     | Noticed Eptagon's ghost (novice OpMo)
  8840 | D:10     | Reached skill level 1 in Stealth
  9044 | D:10     | Killed an unseen horror
  9044 | D:10     | Reached skill level 9 in Unarmed Combat
  9044 | D:10     | Reached XP level 10. HP: 17/63 MP: 10/13
  9323 | D:10     | Got a warped hunting sling
  9886 | D:10     | Noticed Maud
  9915 | D:11     | Reached skill level 10 in Unarmed Combat
  9945 | D:11     | Found a portal to a secret trove of treasure.
 10014 | D:11     | Noticed a hill giant
 10021 | D:11     | Noticed a white ugly thing
 10031 | D:12     | Noticed a manticore
 10036 | D:13     | Noticed a cyclops
 10055 | D:12     | Killed a manticore
 10055 | D:12     | Reached skill level 1 in Ice Magic
 10066 | D:12     | Reached ** piety under Dithmenos
 10074 | D:12     | Reached skill level 5 in Stealth
 10421 | D:12     | Noticed a smoke demon
 10863 | D:8      | Found a snail-covered altar of Cheibriados.
 10940 | D:8      | Killed Joseph
 10980 | D:8      | Found a glowing golden altar of the Shining One.
 11035 | D:8      | Found a glowing silver altar of Zin.
 11038 | D:8      | Noticed an angel
 11041 | D:8      | Found a shimmering altar of Xom.
 11149 | D:8      | Found a basalt altar of Yredelemnul.
 11357 | D:8      | Killed Gastronok
 11357 | D:8      | Reached XP level 11. HP: 21/69 MP: 14/17
 11587 | D:8      | Bought the ring of Koec {MR+ Int+3 SInv} for 552 gold pieces
 11719 | D:8      | Noticed an angel
 11798 | D:11     | Noticed Vektorweg's ghost (novice DgCj)
 12090 | D:11     | Learned a level 5 spell: Blade Hands
 12184 | D:11     | Reached skill level 5 in Spellcasting
 12193 | D:11     | Noticed grerr's ghost (journeyman FoFi)
 12237 | D:11     | Noticed a hill giant
 12298 | D:12     | Slain by a sixfirhy

Action                   |  1- 3 |  4- 6 |  7- 9 | 10-12 || total
-------------------------+-------+-------+-------+-------++-------
Melee: Dagger            |    93 |    49 |    59 |       ||   201
       Unarmed           |     7 |    33 |   321 |   227 ||   588
 Cast: Beastly Appendage |     5 |       |       |       ||     5
       Sticks to Snakes  |     2 |       |     1 |       ||     3
       Spider Form       |       |     7 |    25 |     9 ||    41
       Ice Form          |       |       |       |     4 ||     4
 Abil: End Transformatio |       |     1 |       |     1 ||     2
  Use: Scroll            |     3 |     4 |     3 |     8 ||    18
       Potion            |       |     1 |       |     2 ||     3
 Stab: Sleeping          |     5 |     4 |    15 |     2 ||    26
       Distracted        |       |     1 |       |       ||     1
  Eat: Chunk             |     3 |     6 |    19 |     6 ||    34
       Pizza             |       |       |     1 |       ||     1
       Fruit             |       |       |       |     9 ||     9
